AoeStats
← QUETZAEL

Arena

509503617Analyzed
1v1 RM · 6d ago on Sep 27, 2026· 41m 5s· 2 players
Game mode
Random Map
Map size
Tiny (2 player)
Population
200
Speed
Normal
Resources
Standard
Victory
Conquest
Starting age
Dark Age
Ending age
Imperial Age
RankedLock teamsTeams togetherTeam positionsShared explorationLock speedFull tech treeHidden civsTurbo modeCheats
Victory
Defeat
🇨🇳 Turks · China
722
+16
🇲🇽 Hindustanis · Mexico
714
-16
QUETZAEL
10:31 Feudal Age
8:48 Loom
11:29 Man-at-Arms
13:41 Horse Collar
13:49 Double-Bit Axe
18:55 Forging
18:45 Scale Mail Armor
20:56 Wheelbarrow
20:07 Town Watch
26:46 Castle Age
27:16 Long Swordsman
35:26 Husbandry
34:48 Light Cavalry
35:38 Bloodlines
41:43 Imperial Age
41:53 Imperial Age
曾经也是小鲜肉
2:28 Loom
12:35 Feudal Age
14:00 Wheelbarrow
13:13 Town Watch
14:07 Double-Bit Axe
15:53 Horse Collar
18:35 Fletching
20:11 Stone Mining
26:53 Castle Age
28:31 Bodkin Arrow
28:38 Murder Holes
39:41 Treadmill Crane
Connection lost

Rejoining the realm…

Still unreachable

The connection could not be restored.

Session expired

The server has moved on; the page needs a fresh start.